 Dungeon Sprint DCSS version 0.25.0-46-gbd7b0854d2 (webtiles) character file.

Game seed: 8658886112130008986

105708 MordorOrchid the Eclecticist (level 16, -35/114 HPs)
             Began as an Octopode Ice Elementalist on July 16, 2020.
             Was an Initiate of Gozag.
             Killed from afar by an iron dragon (68 damage)
             ... with a spray of metal splinters
             ... in the Dungeon (Sprint V: "Ziggurat Sprint").
             The game lasted 00:32:38 (2352 turns).

MordorOrchid the Eclecticist (OpIE)                 Turns: 2352, Time: 00:32:38

Health: -35/114    AC:  5    Str: 19    XL:     16   Next: 42%
Magic:  39/49      EV: 21    Int: 36    God:    Gozag
Gold:   10762      SH: 33    Dex: 26    Spells: 13/55 levels left

rFire    + . .     SeeInvis +   a - +7 Singing Sword {vorpal, sonic wave}
rCold    + . .     Gourm    .   u - +18 shield of the Gong {rElec rN+ MR+ EV-5}
rNeg     + . .     Faith    .   (helmet restricted)
rPois    .         Spirit   .   T - amulet "Afotahif" {RegenMP rF+ rC+ Dex+7}
rElec    +         Reflect  .   W - +4 ring of slaying
rCorr    .         Harm     .   t - +6 ring of dexterity
MR       ++...     NoTele   +   r - ring of Xoynac {AC+4 Int+6}
Stlth    ++++......             v - +6 ring of intelligence
HPRegen  0.29/turn              w - +6 ring of strength
MPRegen  0.56/turn              q - +6 ring of strength
                                k - ring of see invisible
                                Y - ring of magical power

@: gold aura, very slightly contaminated, studying Hexes
A: almost no armour, stealthy swim, amphibious, 8 rings, constrict 8, camouflage
1, gelatinous body 1
a: Potion Petition, Call Merchant, Bribe Branch, Renounce Religion


You were in the Dungeon.
You worshipped Gozag.
Gozag was extremely pleased with you.
You were not hungry.

You visited 1 branch You collected 17091 gold pieces.
You spent 495 gold pieces at shops.
You paid 5834 gold pieces to Gozag.

Inventory:

Hand Weapons
 a - the +7 Singing Sword (weapon) {vorpal, sonic wave}
   (You found it in the Dungeon)

   It inflicts extra damage upon your enemies.
 y - the +14 obsidian axe {vorpal, +Fly SInv *Curse}
   (You found it in the Dungeon)

   It inflicts extra damage upon your enemies.
   It lets you see invisible.
   It lets you fly.
   It curses itself when equipped.
 B - the +8 lance "Wyrmbane" {slay drac, rPois rF+ rC+ AC+3}
   (You found it in the Dungeon)

   It affects your AC (+3).
   It protects you from fire.
   It protects you from cold.
   It protects you from poison.
 N - the +9 dagger of Ashenzari's Approval {drain, +Rage rElec rF+}
   (You found it in the Dungeon)

   A truly terrible weapon, it drains the life of those it strikes.
   It protects you from fire.
   It insulates you from electricity.
   It lets you go berserk.
 U - the +7 Spriggan's Knife {stab, EV+4 Stlth+}
   (You found it in the Dungeon)

   It affects your evasion (+4).
   It makes you more stealthy.
 Z - the +12 rapier "Hiruijio" {holy, rC+ rN+ Str+4}
   (You found it in the Dungeon)

   It has been blessed by the Shining One to cause great damage to the undead
   and demons.
   It affects your strength (+4).
   It protects you from cold.
   It protects you from negative energy.
Missiles
 I - 1137 arrows
Armour
 u - the +18 shield of the Gong (worn) {rElec rN+ MR+ EV-5}
   (You found it in the Dungeon)

   It affects your evasion (-5).
   It insulates you from electricity.
   It protects you from negative energy.
   It affects your resistance to hostile enchantments.
Magical Staves
 x - an uncursed staff of energy
 z - an uncursed staff of wizardry
 O - an uncursed staff of cold
Jewellery
 k - a ring of see invisible (on tentacle)
 q - a +6 ring of strength (on tentacle)
 r - the ring of Xoynac (on tentacle) {AC+4 Int+6}
   (You found it in the Dungeon)

   [ring of protection]

   It affects your AC (+4).
   It affects your intelligence (+6).
 t - a +6 ring of dexterity (right tentacle)
 v - a +6 ring of intelligence (on tentacle)
 w - a +6 ring of strength (on tentacle)
 R - the ring "Doromiob" {Ice +Fly MR+ Str+3 Dex-2}
   (You found it in the Dungeon)

   [ring of ice]

   It enhances your ice magic.
   It affects your strength (+3).
   It affects your dexterity (-2).
   It makes you vulnerable to fire.
   It protects you from cold.
   It affects your resistance to hostile enchantments.
   It lets you fly.
 T - the amulet "Afotahif" (around mantle) {RegenMP rF+ rC+ Dex+7}
   (You found it in the Dungeon)

   [amulet of magic regeneration]

   It increases your magic regeneration.
   It affects your dexterity (+7).
   It protects you from fire.
   It protects you from cold.
 W - a +4 ring of slaying (left tentacle)
 Y - a ring of magical power (on tentacle)
Wands
 n - a wand of disintegration (7)
 o - a wand of iceblast (7)
 p - a wand of acid (7)
Scrolls
 h - 4 scrolls of blinking
 i - 2 scrolls of brand weapon
 C - 4 scrolls of amnesia
 D - 6 scrolls of fog
 E - a scroll of holy word
 F - 5 scrolls of identify
 G - 4 scrolls of remove curse
 H - 2 scrolls of fear
 J - 4 scrolls of enchant weapon
 Q - 4 scrolls of enchant armour
Potions
 c - 10 potions of curing
 d - 21 potions of heal wounds
 e - 10 potions of haste
 f - 7 potions of magic
 g - a potion of berserk rage
 j - 4 potions of resistance
 l - 3 potions of stabbing
 m - 4 potions of might
 A - 2 potions of brilliance
Books
 V - a manual of Hexes
Miscellaneous
 s - a lightning rod (4/4)
 K - a phial of floods
 L - 7 phantom mirrors
 M - 4 boxes of beasts
 P - a tin of tremorstones (3/3)
 S - a tin of tremorstones (3/3)
 X - a phial of floods
Comestibles
 b - 13 rations


   Skills:
 - Level 12.0 Fighting
 - Level 10.0 Long Blades
 - Level 12.0 Dodging
 - Level 2.6 Stealth
 - Level 15.0 Shields
 - Level 20.0 Spellcasting
 - Level 10.0 Conjurations
 - Level 8.0 Summonings
 - Level 10.0 Necromancy
 - Level 12.0 Transmutations
 * Level 19.4 Fire Magic
 + Level 18.9 Ice Magic
 - Level 6.0 Air Magic
 - Level 12.0 Earth Magic
 - Level 6.0 Evocations


You had 13 spell levels left.
You knew the following spells:

 Your Spells              Type           Power        Failure   Level  Hunger
a - Freeze                Ice            ####         0%          1    None
b - Frozen Ramparts       Ice            ######       0%          3    None
c - Foxfire               Conj/Fire      ####         0%          1    None
l - Freezing Cloud        Conj/Ice/Air   #######...   1%          6    None
o - Ozocubu's Refrigerat  Ice            ########..   1%          6    None
r - Hailstorm             Conj/Ice       #######.     1%          4    None
s - Summon Ice Beast      Ice/Summ       #######.     1%          4    None
u - Animate Skeleton      Necr           N/A          0%          1    None
E - Borgnjor's Vile Clut  Necr/Erth      #######...   1%          5    None
R - Irradiate             Conj/Tmut      #######...   1%          5    None
Y - Statue Form           Tmut/Erth      #######..    1%          6    None

Your spell library contained the following spells:

 Spells                   Type           Power        Failure   Level  Hunger
 Magic Dart               Conj           ####         0%          1    None
 Pain                     Necr           ####         0%          1    None
 Passwall                 Tmut/Erth      #######.     0%          2    None
 Conjure Flame            Conj/Fire      #######.     0%          3    None
 Ice Form                 Ice/Tmut       #######.     0%          4    None
 Infusion                 Chrm           ####         1%          1    None
 Summon Small Mammal      Summ           ####         1%          1    None
 Call Imp                 Summ           #######.     1%          2    None
 Corpse Rot               Necr/Air       N/A          1%          2    None
 Ensorcelled Hibernation  Hex/Ice        ######       1%          2    None
 Poisonous Vapours        Pois/Air       ######       1%          2    None
 Searing Ray              Conj           ######       1%          2    None
 Sublimation of Blood     Necr           #######...   1%          2    None
 Swiftness                Chrm/Air       ######..     1%          2    None
 Call Canine Familiar     Summ           #######.     1%          3    None
 Dazzling Flash           Conj/Hex       ######       1%          3    None
 Ignite Poison            Fire/Tmut/Pois #######.     1%          3    None
 Mephitic Cloud           Conj/Pois/Air  ######..     1%          3    None
 Ozocubu's Armour         Chrm/Ice       #######.     1%          3    None
 Recall                   Summ/Tloc      N/A          1%          3    None
 Static Discharge         Conj/Air       #######.     1%          3    None
 Summon Guardian Golem    Hex/Summ       ######..     1%          3    None
 Vampiric Draining        Necr           #######...   1%          3    None
 Animate Dead             Necr           N/A          1%          4    None
 Dispel Undead            Necr           #######.     1%          4    None
 Fulminant Prism          Conj/Hex       ######....   1%          4    None
 Iskenderun's Mystic Bla  Conj/Tloc      ######..     1%          4    None
 Petrify                  Tmut/Erth      #######.     1%          4    None
 Summon Lightning Spire   Summ/Air       ######..     1%          4    None
 Agony                    Necr           #######.     1%          5    None
 Alistair's Intoxication  Tmut/Pois      ######..     1%          5    None
 Aura of Abjuration       Summ           #######...   1%          5    None
 Bolt of Magma            Conj/Fire/Erth #######...   1%          5    None
 Fireball                 Conj/Fire      #######...   1%          5    None
 Lee's Rapid Deconstruct  Erth           #######...   1%          5    None
 Lightning Bolt           Conj/Air       #######...   1%          5    None
 Metabolic Englaciation   Hex/Ice        #######...   1%          5    None
 Summon Demon             Summ           #######...   1%          5    None
 Hydra Form               Tmut           #######...   1%          6    None
 Iron Shot                Conj/Erth      #######...   1%          6    None
 Simulacrum               Ice/Necr       #######...   1%          6    None
 Starburst                Conj/Fire      #######...   1%          6    None
 Ignition                 Fire           ########..   1%          8    ####...
 Portal Projectile        Hex/Tloc       #####.       2%          3    None
 Excruciating Wounds      Chrm/Necr      ######....   3%          5    None
 Iskenderun's Battlesphe  Conj/Chrm      ######..     3%          5    None
 Summon Forest            Summ/Tloc      ######....   4%          5    None
 Summon Mana Viper        Hex/Summ       ######..     4%          5    None
 Shadow Creatures         Summ           N/A          4%          6    None
 Silence                  Hex/Air        ######....   7%          5    None
 Passage of Golubria      Tloc           N/A          9%          4    None
 Eringya's Noxious Bog    Tmut/Pois      ######....   11%         6    None
 Orb of Destruction       Conj           #######...   12%         7    None
 Ring of Flames           Chrm/Fire      #######...   13%         7    None
 Spellforged Servitor     Conj/Summ      #######...   17%         7    None
 Monstrous Menagerie      Summ           #######...   26%         7    None
 Summon Greater Demon     Summ           #######...   26%         7    None
 Absolute Zero            Ice            ########..   34%         9    #####..
 Lehudib's Crystal Spear  Conj/Erth      #######...   52%         8    ####...
 Darkness                 Hex            #####.....   77%         6    None
 Dispersal                Tloc           #####.....   77%         6    None
 Invisibility             Hex            #####...     77%         6    None
 Malign Gateway           Summ/Tloc      ######....   80%         7    None
 Chain Lightning          Conj/Air       #######...   90%         8    ####...
 Summon Horrible Things   Summ           #######...   90%         8    ####...
 Fire Storm               Conj/Fire      #######...   90%         9    #####..


Dungeon Overview and Level Annotations

Branches:
Dungeon (1/1)

Altars:
Ashenzari
Cheibriados
Dithmenos
Elyvilon
Fedhas
Gozag
Hepliaklqana
Kikubaaqudgha
Makhleb
Nemelex Xobeh
Okawaru
Qazlal
Ru
Sif Muna
Trog
Uskayaw
Vehumet
Wu Jian
Xom
Yredelemnul
Zin
The Shining One
Beogh
Jiyva
Lugonu


Innate Abilities, Weirdness & Mutations

You cannot wear most types of armour.
You are very stealthy in the water. (Stealth+)
You are amphibious.
You can wear up to eight rings at the same time.
You can use your tentacles to constrict eight enemies at once.
Your skin changes colour to match your surroundings (Stealth+).
Your rubbery body absorbs attacks. (AC +1, EV +1)


Message History

You slash the stone giant! You squeeze the stone giant.
The stone giant is almost dead.
The iron dragon breathes metal splinters at you.
The spray of metal splinters misses you.
The stone giant becomes distracted by the nearby gold, dreaming of imaginary riches.
You block the iron dragon's attack.
GONNNNG!
You block the iron dragon's attack.
GONNNNG!
You block the iron dragon's attack.
GONNNNG!
The stone giant shouts!
You slash the stone giant!
You kill the stone giant!
The stone giant is no longer distracted by gold.
The iron golem is no longer distracted by gold. x2
The iron dragon breathes metal splinters at you.
The spray of metal splinters hits you!!!
Ouch! That really hurt!
You die...
Your body crumbles into a pile of gold.

▓................
▓..)}.
▓................
▓.....
▓......$.$.......
▓.....
▓.......$........
▓.....
▓.....$..$$$.....
▓.....
▓.......C........
▓.....
▓.....$$D8.......
▓.....
▓.....$$D$.......
▓.....
▓.....$@8........
▓.....
▓...▓.........▓..
▓...▓.
▓................
▓.....
▓................
▓.....
▓........©.......
.....
▓▓▓▓▓▓▓▓▓▓▓▓▓▓▓▓▓
▓▓▓▓▓▓ ▓.....
▓..|.| ▓...".


You could see 2 iron golems, 2 iron dragons and a stone giant.

Vanquished Creatures
  2 greater mummies (D)
  A deep elf blademaster (D)
  3 acid blobs (D)
  4 quicksilver dragons (D)
  An iron dragon (D)
  2 emperor scorpions (D)
  A frost giant (D)
  6 ghost moths (D)
  2 orc warlords (D)
  A reaper (D)
  7 stone giants (D)
  A vampire knight (D)
  A deep elf demonologist (D)
  4 entropy weavers (D)
  A deep elf annihilator (D)
  2 spark wasps (D)
  3 mummy priests (D)
  4 crystal guardians (D)
  2 death oozes (D)
  2 great orbs of eyes (D)
  5 spriggan air magi (D)
  A vampire mage (D)
  A satyr (D)
  A death scarab (D)
  2 spriggan berserkers (D)
  3 iron golems (D)
  3 skeletal warriors (D)
  3 deep elf archers (D)
  4 necromancers (D)
  5 orb spiders (D)
  An oklob plant (D)
  4 deep elf magi (D)
  3 wolf spiders (D)
  3 draconians (D)
  4 moths of wrath (D)
  A rust devil (D)
  An eye of devastation (D)
  2 gargoyles (D)
  A spiny frog (D)
  3 rime drakes (D)
  A torpor snail (D)
  7 demonic crawlers (D)
  2 freezing wraiths (D)
  6 yaktaurs (D)
  A tormentor (D)
  4 ice devils (D)
  A red devil (D)
  6 guardian mummies (D)
  4 jumping spiders (D)
  3 merfolk (D)
  A polar bear (D)
  5 hornets (D)
  6 slime creatures (D)
  3 flying skulls (D)
  3 redbacks (D)
  A wraith (D)
  2 shadows (D)
  9 tarantellas (D)
  An ushabti (D)
  3 yaks (D)
  5 golden eyes (D)
  A warg (D)
  2 floating eyes (D)
  A porcupine (D)
  2 hell hounds (D)
  6 orc warriors (D)
  4 phantoms (D)
  2 necrophages (D)
  4 centaurs (D)
  2 wolves (D)
  8 earth elementals (D)
  2 wights (D)
  3 jellies (D)
  2 quasits (D)
  An orc priest (D)
  An iron imp (D)
  2 iguanas (D)
  14 mummies (D)
  A gnoll (D)
  A shadow imp (D)
  A white imp (D)
  3 oozes (D)
  2 adder zombies (D)
  6 adder skeletons (D)
  An adder simulacrum (D)
  A bat skeleton (D)
  A bat zombie (D)
  A jackal (D)
  A ball python zombie (D)
  2 leopard gecko skeletons (D)
  A leopard gecko zombie (D)
  A quokka zombie (D)
  2 butterflies (D)
257 creatures vanquished.

Vanquished Creatures (collateral kills)
  A draconian (D)
  A large abomination (D)
  A jumping spider (D)
  A merfolk (D)
  A centaur (D)
  3 scorpions (D)
  A river rat (D)
  An ufetubus (D)
10 creatures vanquished.

Vanquished Creatures (others)
  A quicksilver dragon (D)
  2 dancing weapons (D)
  A spatial maelstrom (D)
4 creatures vanquished.

Grand Total: 271 creatures vanquished

Notes
Turn   | Place    | Note
-------+----------+-------------------------------------------
     0 | D        | MordorOrchid the Octopode Ice Elementalist began the quest
                  | for the Orb.
     0 | D        | Reached XP level 1. HP: 11/11 MP: 3/3
     0 | D        | Found a shimmering blue altar of Sif Muna.
     0 | D        | Found a sacrificial altar of Ru.
     0 | D        | Found a bloodstained altar of Trog.
     0 | D        | Found a stormy altar of Qazlal.
     0 | D        | Found an iron altar of Okawaru.
     0 | D        | Found a sparkling altar of Nemelex Xobeh.
     0 | D        | Found a blossoming altar of Fedhas.
     1 | D        | Found the +6 Majin-Bo {vamp, Archmagi MP+6 Int+6}
     1 | D        | Found the +7 great mace "Firestarter" {inner flame, rF++}
     5 | D        | Banished a spatial maelstrom
     6 | D        | Found a corrupted altar of Lugonu.
     6 | D        | Found an ancient bone altar of Kikubaaqudgha.
     6 | D        | Found a burning altar of Makhleb.
     6 | D        | Found a transporter.
     6 | D        | Found a viscous altar of Jiyva.
     6 | D        | Found a hazy altar of Hepliaklqana.
    23 | D        | Found the +9 heavy crossbow "Sniper" {vorpal, Acc+∞ SInv}
    23 | D        | Found the +10 dark maul {vorpal}
    23 | D        | Found the +15 Maxwell's patent armour {-Cast -Tele rElec
                  | MR+ rCorr}
    23 | D        | Found the +18 shield of the Gong {rElec rN+ MR+ EV-5}
    23 | D        | Found the cursed +14 obsidian axe {vorpal, +Fly SInv
                  | *Curse}
    31 | D        | Found the +6 shillelagh "Devastator" {shatter}
    31 | D        | Found the +11 plutonium sword {*Contam Stlth-}
    31 | D        | Found the +8 lance "Wyrmbane" {slay drac, rPois rF+ rC+
                  | AC+3}
    31 | D        | Found the +9 sword of Zonguldrok {reap}
    31 | D        | Found the cursed +13 scythe of Curses {drain, *Curse}
    31 | D        | Found the +0 sword of Power
    31 | D        | Found the +7 mace of Variability {chain chaos}
    31 | D        | Found the +7 Singing Sword {vorpal, sonic wave}
    31 | D        | Found the +8 storm bow {elec, penet}
    34 | D        | Found an opulent altar of Gozag.
    50 | D        | Became a worshipper of Gozag Ym Sagoz the Greedy
    56 | D        | Reached skill level 5 in Fighting
    56 | D        | Reached skill level 5 in Shields
    56 | D        | Reached XP level 2. HP: 24/24 MP: 5/5
    62 | D        | Entered arena 2.
    62 | D        | Found a transporter.
    64 | D        | Reached skill level 1 in Long Blades
    64 | D        | Reached skill level 1 in Evocations
    64 | D        | Reached XP level 3. HP: 29/29 MP: 6/6
    75 | D        | Entered arena 3.
    75 | D        | Noticed a necrophage
    75 | D        | Noticed a phantom
    75 | D        | Noticed a necrophage
    75 | D        | Found a transporter.
    80 | D        | Killed a necrophage
    80 | D        | Reached skill level 3 in Spellcasting
    80 | D        | Reached XP level 4. HP: 35/35 MP: 6/8
    80 | D        | Reached XP level 5. HP: 39/39 MP: 6/9
    81 | D        | Killed a phantom
    81 | D        | Killed a necrophage
    81 | D        | Reached skill level 4 in Spellcasting
    81 | D        | Reached XP level 6. HP: 45/45 MP: 6/12
    89 | D        | Entered arena 4.
    89 | D        | Noticed a draconian
    89 | D        | Noticed a draconian
    89 | D        | Noticed a draconian
    89 | D        | Noticed a draconian
    89 | D        | Found a transporter.
    94 | D        | Killed a draconian
    94 | D        | Reached skill level 5 in Dodging
    94 | D        | Reached skill level 5 in Evocations
    94 | D        | Reached XP level 7. HP: 50/50 MP: 7/14
    96 | D        | Killed a draconian
    96 | D        | Reached skill level 5 in Long Blades
    96 | D        | Reached skill level 5 in Spellcasting
    96 | D        | Reached skill level 10 in Ice Magic
    96 | D        | Reached XP level 8. HP: 55/55 MP: 7/16
    98 | D        | Killed a draconian
    99 | D        | Killed a draconian
    99 | D        | Reached skill level 6 in Spellcasting
   109 | D        | Entered arena 5.
   109 | D        | Noticed a jumping spider
   109 | D        | Found a transporter.
   112 | D        | Killed a jumping spider
   112 | D        | Reached XP level 9. HP: 61/61 MP: 10/18
   124 | D        | Learned a level 4 spell: Hailstorm
   130 | D        | Learned a level 4 spell: Summon Ice Beast
   135 | D        | Entered arena 6.
   135 | D        | Found a transporter.
   142 | D        | Reached skill level 1 in Conjurations
   142 | D        | Reached skill level 1 in Summonings
   152 | D        | Entered arena 7.
   152 | D        | Noticed a large abomination
   153 | D        | Found a transporter.
   161 | D        | Killed a large abomination
   171 | D        | Entered arena 8.
   171 | D        | Noticed a spiny frog
   172 | D        | Found a transporter.
   179 | D        | Killed a spiny frog
   190 | D        | Got the +9 dagger of Ashenzari's Approval {drain, +Rage
                  | rElec rF+}
   196 | D        | Got the Volume of the Glacier
   204 | D        | Learned a level 6 spell: Ozocubu's Refrigeration
   222 | D        | Learned a level 3 spell: Frozen Ramparts
   300 | D        | Entered arena 9.
   300 | D        | Noticed a merfolk
   300 | D        | Noticed a merfolk
   300 | D        | Noticed a merfolk
   300 | D        | Noticed a merfolk
   304 | D        | Found a transporter.
   304 | D        | Reached skill level 7 in Spellcasting
   309 | D        | Killed a merfolk
   309 | D        | Reached XP level 10. HP: 38/68 MP: 6/20
   454 | D        | Entered arena 10.
   455 | D        | Found the +7 Kryia's mail coat {PotionHeal*2 rC+}
   456 | D        | Reached skill level 10 in Shields
   456 | D        | Reached skill level 5 in Conjurations
   457 | D        | Found a transporter.
   488 | D        | Learned a level 5 spell: Irradiate
   490 | D        | Learned a level 1 spell: Animate Skeleton
   547 | D        | Entered arena 11.
   547 | D        | Noticed an eye of devastation
   548 | D        | Reached skill level 5 in Summonings
   548 | D        | Reached skill level 8 in Spellcasting
   548 | D        | Reached skill level 1 in Necromancy
   548 | D        | Reached skill level 1 in Transmutations
   549 | D        | Killed an eye of devastation
   549 | D        | Reached XP level 11. HP: 75/75 MP: 9/23
   550 | D        | Found a transporter.
   589 | D        | Entered arena 12.
   589 | D        | Noticed a frost giant
   592 | D        | Found a transporter.
   606 | D        | Killed a frost giant
   606 | D        | Reached skill level 9 in Spellcasting
   624 | D        | Got the ring "Doromiob" {Ice +Fly MR+ Str+3 Dex-2}
   728 | D        | Entered arena 13.
   728 | D        | Identified the +3 leather armour of the Wasteland {-Cast
                  | rF+ rC+ rN++}
   728 | D        | Noticed a necromancer
   728 | D        | Noticed a vampire knight
   729 | D        | Noticed a necromancer
   729 | D        | Noticed a necromancer
   729 | D        | Noticed a necromancer
   729 | D        | Noticed a vampire mage
   731 | D        | Killed a necromancer
   731 | D        | Killed a necromancer
   731 | D        | Killed a necromancer
   731 | D        | Killed a necromancer
   732 | D        | Killed a vampire mage
   735 | D        | Found a transporter.
   740 | D        | Killed a vampire knight
   740 | D        | Reached skill level 10 in Spellcasting
   740 | D        | Reached XP level 12. HP: 82/84 MP: 1/26
   766 | D        | Got the amulet "Afotahif" {RegenMP rF+ rC+ Dex+7}
   862 | D        | Bought a ration for 55 gold pieces
   862 | D        | Bought a ration for 55 gold pieces
   862 | D        | Bought a ration for 55 gold pieces
   862 | D        | Bought a ration for 55 gold pieces
   862 | D        | Bought a ration for 55 gold pieces
   862 | D        | Bought a ration for 55 gold pieces
   862 | D        | Bought a ration for 55 gold pieces
   862 | D        | Bought a ration for 55 gold pieces
   862 | D        | Bought a ration for 55 gold pieces
   864 | D        | Entered arena 14.
   866 | D        | Noticed an orc warlord
   867 | D        | Found the +7 Spriggan's Knife {stab, EV+4 Stlth+}
   867 | D        | Noticed an orc warlord
   867 | D        | Noticed a stone giant
   868 | D        | Found a transporter.
   869 | D        | Reached skill level 10 in Long Blades
   871 | D        | Killed an orc warlord
   871 | D        | Reached skill level 5 in Necromancy
   871 | D        | Reached skill level 5 in Transmutations
   871 | D        | Reached skill level 15 in Ice Magic
   871 | D        | Killed a stone giant
   871 | D        | Reached skill level 10 in Dodging
   871 | D        | Killed an orc warlord
   871 | D        | Reached skill level 11 in Spellcasting
   908 | D        | Learned a level 6 spell: Freezing Cloud
   918 | D        | Entered arena 15.
   920 | D        | Noticed a deep elf annihilator
   921 | D        | Noticed a deep elf demonologist
   921 | D        | Noticed a deep elf blademaster
   922 | D        | Reached skill level 1 in Air Magic
   923 | D        | Killed a deep elf demonologist
   923 | D        | Killed a deep elf annihilator
   925 | D        | Killed a deep elf blademaster
   925 | D        | Reached skill level 10 in Fighting
   925 | D        | Reached skill level 12 in Spellcasting
   925 | D        | Reached XP level 13. HP: 92/92 MP: 4/29
   927 | D        | Found a transporter.
   969 | D        | Got Qyrituofro's Papyrus of Dislocated Weightlessness
   988 | D        | Entered arena 16.
   994 | D        | Noticed a greater mummy
   995 | D        | Found a transporter.
  1006 | D        | Killed a greater mummy
  1006 | D        | Reached skill level 13 in Spellcasting
  1006 | D        | Reached skill level 5 in Air Magic
  1016 | D        | Got the Almanac of Glacial Air
  1043 | D        | Got the Disquisition on Mutagenic Sinister Arts
  1056 | D        | Learned a level 5 spell: Borgnjor's Vile Clutch
  1248 | D        | Entered arena 17.
  1258 | D        | Reached skill level 1 in Earth Magic
  1258 | D        | Reached skill level 10 in Conjurations
  1258 | D        | Reached skill level 14 in Spellcasting
  1259 | D        | Found a transporter.
  1259 | D        | Identified the +8 long sword of the Forsaken Spirits
                  | {vorpal, rN+ Int+4 Stlth+}
  1260 | D        | HP: 4/92 [spriggan air mage/the air (28)]
  1614 | D        | Entered arena 18.
  1621 | D        | Noticed a death ooze
  1621 | D        | Noticed a death ooze
  1621 | D        | Noticed an acid blob
  1621 | D        | Noticed a great orb of eyes
  1622 | D        | Noticed a great orb of eyes
  1622 | D        | Noticed an acid blob
  1624 | D        | Killed a great orb of eyes
  1624 | D        | Reached XP level 14. HP: 99/99 MP: 28/32
  1625 | D        | Killed an acid blob
  1625 | D        | Reached skill level 15 in Spellcasting
  1625 | D        | Reached skill level 5 in Earth Magic
  1626 | D        | Reached skill level 10 in Necromancy
  1626 | D        | Reached skill level 10 in Transmutations
  1626 | D        | Killed an acid blob
  1627 | D        | Found a transporter.
  1627 | D        | Noticed an acid blob
  1630 | D        | Killed an acid blob
  1647 | D        | Got Sif Muna's Guide on Assistive Transmutation
  1655 | D        | Learned a level 6 spell: Statue Form
  1716 | D        | Entered arena 19.
  1720 | D        | Noticed a greater mummy
  1721 | D        | Found the +5 demon whip "Spellbinder" {antimagic, MR+}
  1730 | D        | Noticed an emperor scorpion
  1730 | D        | Noticed an emperor scorpion
  1730 | D        | Noticed an emperor scorpion
  1731 | D        | Reached skill level 16 in Spellcasting
  1738 | D        | Killed a greater mummy
  1738 | D        | Reached skill level 15 in Shields
  1740 | D        | Reached skill level 10 in Earth Magic
  1764 | D        | Found a transporter.
  1782 | D        | Got the Volume of Weightlessness and the Volcanoes
  1792 | D        | Learned a level 1 spell: Foxfire
  2059 | D        | Entered arena 20.
  2066 | D        | Noticed a reaper
  2067 | D        | Reached skill level 1 in Fire Magic
  2067 | D        | Identified the +4 ring mail "Ytaugass" {rN+}
  2072 | D        | Killed a reaper
  2072 | D        | Reached skill level 5 in Fire Magic
  2087 | D        | Found a transporter.
  2129 | D        | Got the ring of Xoynac {AC+4 Int+6}
  2138 | D        | Entered arena 21.
  2145 | D        | Noticed a ghost moth
  2145 | D        | Noticed an entropy weaver
  2145 | D        | Noticed a ghost moth
  2145 | D        | Noticed an entropy weaver
  2145 | D        | Noticed a ghost moth
  2147 | D        | Found a transporter.
  2148 | D        | Reached XP level 15. HP: 108/108 MP: 34/35
  2149 | D        | Reached skill level 17 in Spellcasting
  2152 | D        | Killed a ghost moth
  2152 | D        | Killed a ghost moth
  2152 | D        | Reached skill level 18 in Spellcasting
  2152 | D        | Reached skill level 10 in Fire Magic
  2153 | D        | Killed a ghost moth
  2217 | D        | Entered arena 22.
  2227 | D        | Noticed an emperor scorpion
  2227 | D        | Noticed a ghost moth
  2227 | D        | Noticed a ghost moth
  2228 | D        | Noticed an emperor scorpion
  2230 | D        | Noticed a ghost moth
  2230 | D        | Reached skill level 19 in Spellcasting
  2232 | D        | Killed an emperor scorpion
  2232 | D        | Killed an emperor scorpion
  2232 | D        | Reached skill level 20 in Spellcasting
  2232 | D        | Killed a ghost moth
  2233 | D        | Killed a ghost moth
  2234 | D        | Killed a ghost moth
  2235 | D        | Found a transporter.
  2295 | D        | Got the +12 rapier "Hiruijio" {holy, rC+ rN+ Str+4}
  2308 | D        | Entered arena 23.
  2317 | D        | Noticed a quicksilver dragon
  2317 | D        | Noticed an iron dragon
  2317 | D        | Noticed a quicksilver dragon
  2324 | D        | Noticed an iron dragon
  2330 | D        | Killed a quicksilver dragon
  2330 | D        | Reached skill level 15 in Fire Magic
  2332 | D        | Killed a quicksilver dragon
  2333 | D        | Noticed a quicksilver dragon
  2334 | D        | Noticed a quicksilver dragon
  2335 | D        | Noticed a quicksilver dragon
  2335 | D        | Noticed an iron dragon
  2341 | D        | Reached XP level 16. HP: 67/114 MP: 40/40
  2344 | D        | Killed a quicksilver dragon
  2344 | D        | Killed a quicksilver dragon
  2345 | D        | Killed a quicksilver dragon
  2352 | D        | Killed from afar by an iron dragon

Illustrated notes

Levels and vault maps discovered:
D:        sprint_v [room_start, room_1, room_2, room_3, room_4, room_5, room_6,
          room_7, room_8, room_9, room_10, room_11, room_12, room_13, room_14,
          room_15, room_16, room_17, room_18, room_19, room_20, room_21,
          room_22, room_23, room_24, room_25, room_26, room_27]

Skill      XL: |  1  2  3  4  5  6  7  8  9 10 11 12 13 14 15 16 |
---------------+-------------------------------------------------+-----
Fighting       | 5 6 7 8 10 12 | 12.0
Shields        | 5 6 7 8 9 10 11 12 13 15 | 15.0
Long Blades    | 1 2 3 4 5 6 7 8 9 10 | 10.0
Evocations     | 1 2 4 5 6 |  6.0
Dodging        | 3 4 5 6 7 8 9 10 12 | 12.0
Spellcasting   | 3 4 5 6 7 8 10 12 14 16 20 | 20.0
Ice Magic      | 6 8 9 10 12 13 14 15 16 17 18 | 18.9
Conjurations   | 3 5 7 8 10 | 10.0
Summonings     | 3 5 7 8 |  8.0
Necromancy     | 1 4 7 9 10 | 10.0
Transmutations | 1 4 7 9 12 | 12.0
Air Magic      | 3 6 |  6.0
Earth Magic    | 4 11 12 | 12.0
Fire Magic     | 7 15 19 | 19.4
Stealth        | |  2.6

Action                   |  1- 3 |  4- 6 |  7- 9 | 10-12 | 13-15 | 16-18 || total
-------------------------+-------+-------+-------+-------+-------+-------++-------
Melee: Broad axe         |     3 |     4 |    16 |       |       |       ||    23
       Tentacles         |     1 |     2 |     7 |     7 |    19 |     3 ||    39
       Constrict         |       |     1 |     3 |     3 |     7 |       ||    14
       Double sword      |       |       |     3 |    18 |    43 |     8 ||    72
       Staff             |       |       |       |       |     1 |       ||     1
 Cast: Summon Ice Beast  |       |       |     2 |       |       |       ||     2
       Ozocubu's Refrige |       |       |     1 |    14 |    29 |       ||    44
       Irradiate         |       |       |       |     1 |       |     3 ||     4
       Statue Form       |       |       |       |       |     5 |       ||     5
       Borgnjor's Vile C |       |       |       |       |     2 |       ||     2
Invok: Potion Petition   |       |       |       |     5 |     9 |       ||    14
       Call Merchant     |       |       |       |     1 |       |       ||     1
Evoke: Staff of energy   |       |       |       |     9 |     6 |       ||    15
       Box of beasts     |       |       |       |     1 |     4 |       ||     5
  Use: Potion            |     5 |       |     4 |     3 |     2 |     1 ||    15
       Scroll            |       |       |     1 |       |     2 |       ||     3
 Stab: Sleeping          |     2 |     4 |    10 |     3 |       |       ||    19
       Invisible         |       |       |     6 |     1 |       |       ||     7
       Distracted        |       |       |       |     1 |     1 |       ||     2
  Eat: Ration            |       |       |       |     1 |     2 |       ||     3
Armor: Skin              |       |       |       |       |    10 |       ||    10
Dodge: Dodged            |       |       |     7 |    11 |    24 |     6 ||    48
Block: Kite shield       |       |     3 |    26 |    31 |    98 |    20 ||   178
       Rpst.: Double sword |       |       |       |     3 |     3 |       ||     6
